 Dungeon Crawl Stone Soup version 0.21-a0-78-g82a99e0 (webtiles) character file.

11599 MackTheKnife the Frost Mage (level 11, -1/63 HPs)
             Began as a Gargoyle Ice Elementalist on June 22, 2017.
             Was a Priest of Hepliaklqana.
             Engulfed by a cloud of freezing vapour (12 damage)
             ... in an ice cave.
             The game lasted 00:37:48 (14308 turns).

MackTheKnife the Frost Mage (GrIE)                 Turns: 14308, Time: 00:37:49

Health: -1/63      AC: 15    Str: 13    XL:     11   Next: 80%
Magic:  23/23      EV: 12    Int: 21    God:    Hepliaklqana [***...]
Gold:   567        SH:  0    Dex: 10    Spells: 8/27 levels left

rFire    . . .     SeeInvis .   y - +1 broad axe (flame)
rCold    + . .     Gourm    .   (no shield)
rNeg     + + .     Faith    .   J - +2 robe {rC+}
rPois    ∞         Spirit   .   I - +2 hat {Int+3}
rElec    +         Reflect  .   (no cloak)
rCorr    .         Harm     .   (no gloves)
MR       .....                  f - +0 pair of boots
Stlth    ++........             (no amulet)
HPRegen  0.20/turn              D - ring of positive energy {rN+}
MPRegen  0.18/turn              (no ring)

@: no status effects
A: reduced essence, negative energy resistance 1, electricity resistance,
unbreathing, petrification resistance, rot immunity, AC +7
a: Recall Ancestor, Ancestor Identity, Transference, Renounce Religion


You were in an ice cave.
You worshipped Hepliaklqana.
Hepliaklqana was most pleased with you.
You were not hungry.

You visited 3 branches of the dungeon, and saw 12 of its levels.
You also visited: Ice Cave.

You collected 567 gold pieces.

Inventory:

Hand Weapons
 q - a +1 mace of holy wrath
   (You took it off an orc on level 7 of the Dungeon)
 w - a +4 scimitar of flaming
   (You took it off Erica on level 9 of the Dungeon)
 y - a +1 broad axe of flaming (weapon)
   (You found it on level 6 of the Dungeon)
 F - a +0 long sword of slicing
   (You took it off a deep elf mage on level 10 of the Dungeon)
Missiles
 g - 2 throwing nets {=f, !d}
Armour
 a - +0 steam dragon scales
   (You found it on level 9 of the Dungeon)
 f - a +0 pair of boots (worn)
   (You found it on level 3 of the Dungeon)
 I - a +2 hat of intelligence (worn)
   (You took it off Gastronok on level 10 of the Dungeon)
 J - a +2 robe of cold resistance (worn)
   (You took it off Erolcha on level 10 of the Dungeon)
Jewellery
 D - a ring of positive energy (left hand) {rN+}
   (You found it on level 7 of the Dungeon)
Wands
 o - a wand of paralysis (9/24)
   (You took it off Ijyb on level 3 of the Dungeon)
 x - a wand of iceblast (5/15)
   (You found it on level 4 of the Dungeon)
 A - a wand of digging (15/24)
   (You found it on level 10 of the Dungeon)
 B - a wand of paralysis (15/24)
   (You found it on level 9 of the Dungeon)
 E - a wand of clouds (3/9)
   (You found it on level 10 of the Dungeon)
Scrolls
 e - a scroll of vulnerability {unknown}
 j - 6 scrolls of remove curse
 m - 3 scrolls of magic mapping {!r}
 p - 3 scrolls of fog
 v - 2 scrolls of amnesia
 C - a scroll of teleportation
 G - a scroll of identify
Potions
 d - 5 potions of flight
 n - a potion of agility
 r - a potion of cancellation
 t - 3 potions of mutation {!q}
 u - 4 potions of curing
 z - 3 potions of invisibility
 H - 2 potions of might {unknown}
Books
 b - a book of Frost
 k - a book of Minor Magic
   (You found it on level 3 of the Dungeon)
 s - a book of Cantrips
   (You found it on level 4 of the Dungeon)
Comestibles
 c - 5 bread rations {@e1}
 h - 6 meat rations {@e2}
 i - 7 fruits
 l - 16 royal jellies
 K - 9 chunks of flesh {@w0}


   Skills:
 + Level 9.1 Fighting
 + Level 5.8 Armour
 - Level 1.5 Dodging
 - Level 2.1 Stealth
 - Level 8.6 Spellcasting
 - Level 8.2 Conjurations
 - Level 3.9 Summonings
 - Level 9.7 Ice Magic


You had 8 spell levels left.
You knew the following spells:

 Your Spells              Type           Power        Failure   Level  Hunger
a - Summon Ice Beast      Ice/Summ       #####...     4%          4    ###....
b - Magic Dart            Conj           ####         1%          1    None
c - Conjure Flame         Conj/Fire      ####....     4%          3    None
d - Throw Icicle          Conj/Ice       #####...     1%          4    ###....
e - Mephitic Cloud        Conj/Pois/Air  ###.....     7%          3    None
x - Throw Frost           Conj/Ice       #####.       1%          2    None
z - Freeze                Ice            ####         1%          1    None
A - Animate Skeleton      Necr           N/A          8%          1    None


Dungeon Overview and Level Annotations

Branches:
Dungeon (10/15)            Temple (1/1) D:5            Lair (1/6) D:10
    Orc (0/2) D:10

Altars:
Ashenzari
Cheibriados
Dithmenos
Elyvilon
Fedhas
Gozag
Hepliaklqana
Kikubaaqudgha
Makhleb
Nemelex Xobeh
Okawaru
Qazlal
Ru
Sif Muna
Trog
Uskayaw
Vehumet
Wu Jian
Xom
Yredelemnul
Zin
The Shining One

Shops:
D:6 %

Annotations:
D:2 exclusion: Sigmund


Innate Abilities, Weirdness & Mutations

You are resistant to torment.
Your stone body is resilient. (AC +7)
You are immune to poison.
You resist negative energy. (rN+)
You are resistant to electric shocks. (rElec)
You can survive without breathing.
You are immune to petrification.
You are immune to rotting.
Your life essence is reduced to manifest your ancestor. (-10% HP)


Message History

You now have 8/23 mp.
Aim: a polar bear (almost dead, berserk, fast, unusually strong)
The shard of ice hits the polar bear.
The polar bear partially resists.
You kill the polar bear!
You now have 4/23 mp.
You start resting.
Your magical contamination has completely faded away.
You regained 7 hp, and now have 47/63 hp.
You regained 6 mp, and now have 10/23 mp.
You see here a polar bear corpse.
You butcher the polar bear corpse.
K - 5 chunks of flesh {@w0} Eating one of 5 chunks of flesh {@w0}.
You eat one of the 5 chunks of flesh {@w0}.
You see here a wolf corpse.
You butcher the wolf corpse.
K - 7 chunks of flesh {@w0} (gained 3)
You start resting.
Eating one of 7 chunks of flesh {@w0}.
You eat one of the 7 chunks of flesh {@w0}.
Health restored: 63; MP restored: 23
Okay, then.
Memorise Animate Skeleton, consuming 1 spell level and leaving 8?
You start memorising the spell.
You continue memorising.
You finish memorising.
Spell assigned to 'A'.
You are engulfed in freezing vapours.
You resist.
You see here a wolf corpse.
You take 11 damage, and have 52/63 hp.
You attempt to give life to the dead...
Before your eyes, flesh is ripped from the corpse!
The dead are walking!
You are engulfed in freezing vapours.
You resist.
You see here 4 chunks of flesh {@w0}.
You take 1 damage, and have 51/63 hp.
You now have 22/23 mp.
Unknown command.
Really walk into that cloud of freezing vapour?
You are engulfed in freezing vapours.
You resist.
You take 6 damage, and have 45/63 hp.
You are engulfed in freezing vapours.
You resist.
You see here a polar bear corpse.
You take 6 damage, and have 39/63 hp.
You attempt to give life to the dead...
Before your eyes, flesh is ripped from the corpse!
The dead are walking!
Your wolf skeleton is engulfed in freezing vapours.
K - 9 chunks of flesh {@w0} (gained 3)
Your wolf skeleton is engulfed in freezing vapours.
Unknown command.
Really walk into that cloud of freezing vapour? [Y]es or [N]o only, please.
Really walk into that cloud of freezing vapour?
Okay, then.
Really walk into that cloud of freezing vapour?
Okay, then.
Your wolf skeleton is engulfed in freezing vapours. x2
You swap places.
MP restored: 23 You are engulfed in freezing vapours.
You resist.
Your wolf skeleton is engulfed in freezing vapours.
Louis is engulfed in freezing vapours.
Your wolf skeleton is engulfed in freezing vapours.
You take 4 damage, and have 37/63 hp.
You are engulfed in freezing vapours.
You resist.
Louis is engulfed in freezing vapours.
Your wolf skeleton is engulfed in freezing vapours.
You take 5 damage, and have 32/63 hp.
You swap places.
You swap places.
You now have 543 gold pieces (gained 15).
You are engulfed in freezing vapours.
You resist.
Your wolf skeleton is engulfed in freezing vapours.
Louis is engulfed in freezing vapours.
Your wolf skeleton is engulfed in freezing vapours.
You take 5 damage, and have 28/63 hp.
You are engulfed in freezing vapours.
You resist.
Louis is engulfed in freezing vapours.
You see here 18 gold pieces.
You take 9 damage, and have 19/63 hp.
You swap places.
You are engulfed in freezing vapours.
You resist.
* * * LOW HITPOINT WARNING * * *
Your wolf skeleton is engulfed in freezing vapours.
Your polar bear skeleton is engulfed in freezing vapours.
Your wolf skeleton is engulfed in freezing vapours.
You take 3 damage, and have 16/63 hp.
You are engulfed in freezing vapours.
You resist.
* * * LOW HITPOINT WARNING * * *
Your wolf skeleton is engulfed in freezing vapours.
You now have 567 gold pieces (gained 24).
Your wolf skeleton is engulfed in freezing vapours.
Your wolf skeleton crumbles into dust!
Louis is engulfed in freezing vapours.
You take 9 damage, and have 7/63 hp.
Okay, then.
You swap places.
You feel better.
You regained 11 hp, and now have 19/63 hp.
Really walk into that cloud of freezing vapour?
You swap places.
You are engulfed in freezing vapours.
You resist.
* * * LOW HITPOINT WARNING * * *
You swap places.
You are engulfed in freezing vapours.
You resist.
You die...

##### ##§#$# ###
#@#Z## #######..# ####
##R#$###%#....∩.#
##...###§§###.....∩..#
#.....#.###........###
#..#...#§#§Z###.#### #
###..≈..## ### ##..†##
##.## ###


You could see the friendly Louis the knight.

Vanquished Creatures
  Erolcha (D:10)
  Erica (D:9)
  A centaur warrior (D:10)
  A deep elf mage (D:10)
  Joseph (D:10)
  2 polar bears (IceCv)
  Grinder (D:4)
  Sigmund (D:2)
  4 hogs (D:7)
  A human (D:7)
  The ghost of HANFGEIST the Ducker, an amateur OpTm (D:4)
  An orc warrior (D:7)
  A sky beast (D:6)
  A phantom (D:4)
  2 ogres
  A wolf (IceCv)
  5 centaurs
  A crocodile (D:10)
  A big kobold (D:8)
  Blork the orc (D:4)
  3 bullfrogs
  2 scorpions
  15 killer bees
  A howler monkey (D:7)
  2 jellies
  A vampire bat (D:3)
  2 crimson imps
  A quasit (D:8)
  4 hounds
  A bullfrog zombie (D:10)
  3 orc priests
  A bullfrog skeleton (D:10)
  7 orc wizards
  A centaur skeleton (D:10)
  An iguana (D:8)
  Ijyb (D:3)
  6 worker ants
  A hound zombie (D:5)
  9 gnolls
  A howler monkey skeleton (D:4)
  8 adders
  4 worms
  3 dart slugs
  3 fire bats (D:3)
  9 leopard geckos
  23 orcs
  2 spectral bats (D:3)
  3 bat skeletons (D:3)
  A bat zombie (D:3)
  7 giant cockroaches
  9 goblins
  11 hobgoblins
  4 jackals
  3 quokkas
  A ball python (D:2)
  19 bats
  A bat simulacrum (D:3)
  13 frilled lizards
  A jackal skeleton (D:5)
  11 kobolds
  2 quokka skeletons (D:4)
  10 rats
  A plant (D:10)
241 creatures vanquished.

Vanquished Creatures (collateral kills)
  Gastronok (D:10)
  A cyclops (D:7)
  A komodo dragon (D:10)
  A queen bee (D:9)
  Eustachio (D:6)
  A steam dragon (D:9)
  A vampire (D:8)
  A water moccasin (D:7)
  A sky beast (D:8)
  A black bear (D:10)
  2 phantoms
  4 ogres
  2 wolves (IceCv)
  4 bullfrogs
  A scorpion (D:9)
  13 killer bees
  A howler monkey (D:7)
  2 crimson imps
  A bullfrog skeleton (D:7)
  A hound (D:9)
  An iguana (D:10)
  2 orc wizards
  A worker ant (D:5)
  A hound zombie (D:6)
  A hound skeleton (D:8)
  3 worker ant zombies
  3 adders
  A shadow imp (D:9)
  A worm (D:6)
  2 orcs
  2 jackals (D:8)
  A frilled lizard (D:5)
  2 kobolds (D:8)
62 creatures vanquished.

Vanquished Creatures (others)
  A yak (IceCv)
  A killer bee (D:9)
  A knight (D:10)
  2 ancestors
  4 plants (D:10)
9 creatures vanquished.

Grand Total: 312 creatures vanquished

Notes
Turn   | Place    | Note
-------+----------+-------------------------------------------
     0 | D:1      | MackTheKnife the Gargoyle Ice Elementalist began the quest for the Orb.
     0 | D:1      | Reached XP level 1. HP: 10/10 MP: 3/3
   327 | D:1      | Reached XP level 2. HP: 15/15 MP: 3/5
   499 | D:1      | Learned a level 2 spell: Throw Frost
   919 | D:1      | Reached XP level 3. HP: 19/19 MP: 2/6
  1131 | D:1      | Found a sparkling altar of Nemelex Xobeh.
  1629 | D:2      | Noticed Sigmund
  1775 | D:2      | Reached skill level 2 in Conjurations
  2052 | D:2      | Reached XP level 4. HP: 14/24 MP: 0/8
  2366 | D:2      | Found a bloodstained altar of Trog.
  2600 | D:3      | Learned a level 4 spell: Summon Ice Beast
  2756 | D:3      | Reached skill level 3 in Spellcasting
  2756 | D:3      | Reached skill level 4 in Ice Magic
  2756 | D:3      | Reached XP level 5. HP: 28/28 MP: 0/9
  2761 | D:3      | Reached skill level 1 in Summonings
  3170 | D:3      | Noticed Ijyb
  3177 | D:3      | Paralysed by Ijyb for 7 turns
  3186 | D:3      | Killed Ijyb
  3290 | D:3      | Found a glowing golden altar of the Shining One.
  3327 | D:3      | Reached skill level 3 in Conjurations
  3441 | D:3      | Found a hide-covered altar of Uskayaw.
  3443 | D:3      | Found a shimmering altar of Xom.
  3514 | D:3      | HP: 5/28 [orc priest/nerve-wracking pain (7)]
  3529 | D:3      | HP: 6/28 [orc/flail (3)]
  3534 | D:2      | HP: 2/28 [something/puff of flame (1)]
  3541 | D:2      | HP: 1/28 [something/magic dart (2)]
  3852 | D:2      | Reached XP level 6. HP: 32/32 MP: 1/10
  4138 | D:3      | Reached skill level 2 in Summonings
  4460 | D:4      | Noticed Blork the orc
  4595 | D:4      | Noticed a phantom
  4688 | D:3      | Learned a level 1 spell: Magic Dart
  4716 | D:4      | Killed a phantom
  4716 | D:4      | Reached skill level 4 in Spellcasting
  4716 | D:4      | Reached skill level 5 in Ice Magic
  4716 | D:4      | Reached XP level 7. HP: 22/36 MP: 0/13
  4752 | D:4      | Noticed HANFGEIST's ghost (amateur OpTm)
  5122 | D:4      | Killed Blork the orc
  5122 | D:4      | Reached skill level 3 in Summonings
  5286 | D:4      | Learned a level 3 spell: Conjure Flame
  5459 | D:4      | Killed HANFGEIST's ghost
  5544 | D:4      | Noticed Grinder
  5624 | D:2      | Killed Sigmund
  5624 | D:2      | Reached XP level 8. HP: 25/41 MP: 0/15
  5788 | D:3      | Reached skill level 6 in Ice Magic
  5905 | D:4      | Reached skill level 5 in Spellcasting
  5923 | D:4      | Found a burning altar of Makhleb.
  6031 | D:4      | Paralysed by Grinder for 3 turns
  6041 | D:4      | Killed Grinder
  6041 | D:4      | Reached skill level 1 in Fighting
  6410 | D:5      | Entered Level 5 of the Dungeon
  6531 | D:5      | Reached skill level 2 in Fighting
  6598 | D:5      | Found a staircase to the Ecumenical Temple.
  6607 | Temple   | Entered the Ecumenical Temple
  6715 | Temple   | Became a worshipper of Hepliaklqana the Forgotten
  6784 | D:5      | HP: 10/40 [centaur/arrow (7)]
  6904 | D:5      | Reached skill level 3 in Fighting
  7163 | D:5      | Reached skill level 7 in Ice Magic
  7187 | D:5      | Reached skill level 6 in Spellcasting
  7222 | D:5      | Reached XP level 9. HP: 33/45 MP: 5/18
  7741 | D:6      | Noticed Eustachio
  7756 | D:6      | Killed Eustachio
  7756 | D:6      | Reached skill level 4 in Fighting
  8052 | D:6      | Reached * piety under Hepliaklqana
  8092 | D:6      | Found Taeklaq's Food Emporium.
  8133 | D:6      | Found a radiant altar of Vehumet.
  8170 | D:6      | Found an ancient bone altar of Kikubaaqudgha.
  9122 | D:7      | Found a blossoming altar of Fedhas.
  9131 | D:7      | Reached skill level 5 in Fighting
  9391 | D:7      | Noticed a cyclops
  9993 | D:7      | Reached skill level 8 in Ice Magic
  9999 | D:7      | Reached skill level 7 in Spellcasting
 10360 | D:7      | Reached skill level 6 in Fighting
 10368 | D:7      | Reached XP level 10. HP: 40/54 MP: 9/21
 10538 | D:7      | Killed a cyclops
 10651 | D:7      | Learned a level 4 spell: Throw Icicle
 10691 | D:7      | Reached ** piety under Hepliaklqana
 10692 | D:7      | Remembered your ancestor Louis as a knight
 11082 | D:8      | Reached skill level 9 in Ice Magic
 11241 | D:8      | Reached skill level 8 in Spellcasting
 11294 | D:8      | Found a stormy altar of Qazlal.
 11298 | D:8      | Reached skill level 4 in Conjurations
 11734 | D:9      | Found a deep blue altar of Sif Muna.
 12001 | D:9      | Learned a level 3 spell: Mephitic Cloud
 12100 | D:9      | Noticed Erica
 12135 | D:9      | Killed Erica
 12135 | D:9      | Reached skill level 5 in Conjurations
 12288 | D:9      | Found a shimmering altar of Xom.
 12290 | D:9      | Found a sparkling altar of Nemelex Xobeh.
 12290 | D:9      | Found a shimmering altar of Xom.
 12292 | D:9      | Found a burning altar of Makhleb.
 12292 | D:9      | Found a shattered altar of Ashenzari.
 12292 | D:9      | Found a sacrificial altar of Ru.
 12515 | D:9      | Reached skill level 6 in Conjurations
 12670 | D:9      | Reached skill level 7 in Conjurations
 12670 | D:9      | Reached XP level 11. HP: 52/59 MP: 19/23
 12727 | D:9      | Reached skill level 8 in Conjurations
 12902 | D:10     | Entered Level 10 of the Dungeon
 12932 | D:10     | Found a staircase to the Orcish Mines.
 12954 | D:10     | Reached *** piety under Hepliaklqana
 13025 | D:10     | Noticed Joseph
 13038 | D:10     | Killed Joseph
 13038 | D:10     | Reached skill level 7 in Fighting
 13038 | D:10     | Reached skill level 1 in Armour
 13168 | D:10     | Noticed Gastronok
 13187 | D:10     | Killed Gastronok
 13187 | D:10     | Reached skill level 3 in Armour
 13470 | D:10     | Noticed a deep elf mage
 13475 | D:10     | Killed a deep elf mage
 13475 | D:10     | Reached skill level 8 in Fighting
 13475 | D:10     | Reached skill level 4 in Armour
 13756 | D:10     | Found a staircase to the Lair.
 13757 | D:10     | Noticed Erolcha
 13757 | D:10     | Noticed a centaur warrior
 13779 | D:10     | Killed a centaur warrior
 13957 | D:10     | Killed Erolcha
 13957 | D:10     | Reached skill level 5 in Armour
 14118 | Lair:1   | Entered Level 1 of the Lair of Beasts
 14121 | Lair:1   | Found a frozen archway.
 14134 | IceCv    | Entered an ice cave
 14145 | IceCv    | Reached skill level 9 in Fighting
 14278 | IceCv    | Learned a level 1 spell: Animate Skeleton
 14303 | IceCv    | HP: 7/63 [something (9)]
 14308 | IceCv    | Engulfed by a cloud of freezing vapour

Vault maps used:
D:1:      elethiomel_arrival_infinity_welcomes_careful_drivers, hex_tiny,
          nemelex_diamond_rough_becter
D:2:      hangedman_decor_opposing, trog_book, uniq_sigmund
D:3:      minitemple, first_bread, grunt_decor_fettered, goddamned_bats,
          uniq_ijyb
D:4:      makhleb_heckhound_becter, sigmund_army, uniq_grinder,
          uniq_blork_the_orc
D:5:      temple_fountains, grunt_ministairs_3
D:6:      kiku_gazebo_garden_becter, vehumet_crystals, serial_shops, shop,
          uniq_eustachio
D:7:      grunt_livestock, amethyst_killhole, fedhas_altar_2
D:8:      lemuel_crystal_altar
D:9:      old_standard_altar, special_room, doesnt_xom_only_xom, uniq_erica
D:10:     david_lair_shrubbed, orc_0_dummy, uniq_gastronok, uniq_joseph,
          uniq_erolcha
Temple:   jpeg_temple_clearing
Lair:1:   portal_ice_cave_entry_pillars_1
IceCv:    ice_cave_caverns_02

Skill      XL: |  1  2  3  4  5  6  7  8  9 10 11 |
---------------+----------------------------------+-----
Conjurations   | 2 3 7 8 |  8.2
Spellcasting   | 3 4 6 7 8 |  8.6
Ice Magic      | 4 5 7 8 9 |  9.7
Summonings     | 1 2 3 |  3.9
Fighting       | 3 6 9 |  9.1
Armour         | 5 |  5.8
Dodging        | |  1.5
Stealth        | |  2.1

Action                   |  1- 3 |  4- 6 |  7- 9 | 10-12 || total
-------------------------+-------+-------+-------+-------++-------
Melee: Dagger            |    52 |       |       |       ||    52
       Unarmed           |     2 |       |       |       ||     2
       Short sword       |    23 |       |       |       ||    23
       War axe           |       |    37 |       |       ||    37
       Hand axe          |       |    90 |    79 |       ||   169
       Glaive            |       |       |     4 |       ||     4
       Broad axe         |       |       |    55 |   149 ||   204
Throw: Javelin           |    23 |    28 |    19 |       ||    70
 Cast: Freeze            |    31 |    40 |    62 |    30 ||   163
       Throw Frost       |     9 |    28 |    84 |    31 ||   152
       Magic Dart        |       |    13 |    27 |     6 ||    46
       Summon Ice Beast  |       |       |     4 |     7 ||    11
       Conjure Flame     |       |       |     6 |     5 ||    11
       Throw Icicle      |       |       |       |    24 ||    24
       Mephitic Cloud    |       |       |       |    20 ||    20
       Animate Skeleton  |       |       |       |     2 ||     2
Invok: Ancestor Identity |       |       |     1 |       ||     1
       Recall Ancestor   |       |       |       |     1 ||     1
       Ancestor Life: Kn |       |       |       |     1 ||     1
Evoke: Wand              |       |       |     8 |     1 ||     9
  Use: Scroll            |       |    11 |     5 |     3 ||    19
       Potion            |       |     4 |       |     2 ||     6
 Stab: Sleeping          |       |     1 |       |     2 ||     3
       Paralysed         |       |       |    10 |       ||    10
       Distracted        |       |       |     1 |     1 ||     2
       Confused          |       |       |       |     3 ||     3
  Eat: Chunk             |     4 |     6 |    19 |    10 ||    39
       Bread ration      |       |     1 |       |     1 ||     2
       Fruit             |       |       |     2 |       ||     2
       Royal jelly       |       |       |       |     1 ||     1
Armor: Robe              |    34 |    32 |       |    12 ||    78
       Leather armour    |       |    83 |   100 |    84 ||   267
       Steam dragon scal |       |       |       |    69 ||    69
Dodge: Dodged            |    76 |   149 |   124 |   202 ||   551

Vault maps used:
D:1:      elethiomel_arrival_infinity_welcomes_careful_drivers, hex_tiny,
          nemelex_diamond_rough_becter
D:2:      hangedman_decor_opposing, trog_book, uniq_sigmund
D:3:      minitemple, first_bread, grunt_decor_fettered, goddamned_bats,
          uniq_ijyb
D:4:      makhleb_heckhound_becter, sigmund_army, uniq_grinder,
          uniq_blork_the_orc
D:5:      temple_fountains, grunt_ministairs_3
D:6:      kiku_gazebo_garden_becter, vehumet_crystals, serial_shops, shop,
          uniq_eustachio
D:7:      grunt_livestock, amethyst_killhole, fedhas_altar_2
D:8:      lemuel_crystal_altar
D:9:      old_standard_altar, special_room, doesnt_xom_only_xom, uniq_erica
D:10:     david_lair_shrubbed, orc_0_dummy, uniq_gastronok, uniq_joseph,
          uniq_erolcha
Temple:   jpeg_temple_clearing
Lair:1:   portal_ice_cave_entry_pillars_1
IceCv:    ice_cave_caverns_02

Table legend:
 A = Turns spent in this place as a percentage of turns spent in the entire game.
 B = Non-inter-level travel turns spent in this place as a percentage of non-inter-level travel turns spent in the entire game.
 C = Inter-level travel turns spent in this place as a percentage of turns spent in this place.
 D = Turns resting spent in this place as a percentage of non-inter-level travel turns spent in this place.
 E = Turns spent auto-exploring this place as a percentage of non-inter-level travel turns spent in this place.
 F = Non-inter-level travel turns spent in this place divided by the number of levels of this place that you've seen.
                   A       B       C       D       E      F
               +-------+-------+-------+-------+-------+----------------------
         Total | 100.0 | 100.0 |   0.9 |   5.2 |   8.9 | 271.1
       Dungeon |  95.8 |  95.9 |   0.9 |   5.3 |   9.0 | 337.8
        Temple |   1.6 |   1.5 |   3.6 |   0.0 |  22.2 |  54.0
          Lair |   0.5 |   0.5 |   0.0 |   0.0 |   0.0 |  19.0
      Ice Cave |   2.1 |   2.1 |   0.0 |   5.5 |   0.0 |  73.0
               +-------+-------+-------+-------+-------+----------------------

Table legend:
 A = Kills in this place as a percentage of kills in entire the game.
 B = Kills by you in this place as a percentage of kills by you in the entire game.
 C = Kills by friends in this place as a percentage of kills by friends in the entire game.
 D = Other kills in this place as a percentage of other kills in the entire game.
 E = Experience gained in this place as a percentage of experience gained in the entire game.
 F = Experience gained in this place divided by the number of levels of this place that you have seen.
                   A       B       C       D       E      F
               +-------+-------+-------+-------+-------+----------------------
         Total | 100.0 | 100.0 | 100.0 | 100.0 | 100.0 | 1274.7
       Dungeon |  98.3 |  99.2 |  96.8 |  80.0 |  96.1 | 1593.2
      Ice Cave |   1.7 |   0.8 |   3.2 |  20.0 |   3.9 | 639.0
               +-------+-------+-------+-------+-------+----------------------
